 Dungeon Crawl Stone Soup version 0.23.2-1-ga50397a (webtiles) character file.

Game seed: 11654776948978684379

1901 myga the Grappler (level 9, -2/72 HPs)
             Began as a Ghoul Monk on May 10, 2019.
             Was a Priest of Nemelex Xobeh.
             Slain by a killer bee (9 damage)
             ... on level 7 of the Dungeon.
             The game lasted 00:34:44 (6664 turns).

myga the Grappler (Ghoul Monk)                      Turns: 6664, Time: 00:34:45

Health: -2/72      AC:  4    Str: 15    XL:     9   Next: 15%
Magic:  8/8        EV: 14    Int: 10    God:    Nemelex Xobeh [***...]
Gold:   253        SH:  0    Dex: 14    Spells: 5/8 levels left

rFire    + + .     SeeInvis .     - Unarmed
rCold    . . .     Gourm    .   (no shield)
rNeg     + + +     Faith    .   J - +1 robe {MR+}
rPois    ∞         Spirit   .   o - -1 helmet of the Hare {rElec rF++ rC-}
rElec    +         Reflect  .   r - +0 cloak
rCorr    .         Harm     .   (no gloves)
MR       +....                  (no boots)
Stlth    ++++......             (no amulet)
HPRegen  0.00/turn              u - +5 ring of intelligence
MPRegen  0.11/turn              K - ring of stealth

@: rotting
A: rotting body, claws 1, carnivore, cold resistance 1, negative energy
resistance 3, inhibited regeneration, torment resistance, unbreathing
a: Draw Escape, Draw Destruction, Draw Summoning, Triple Draw, Renounce Religion


You were on level 7 of the Dungeon.
You worshipped Nemelex Xobeh.
Nemelex Xobeh was most pleased with you.
You were not hungry.

You visited 1 branch of the dungeon, and saw 7 of its levels.
You also visited: Sewer.

You collected 253 gold pieces.

Inventory:

Hand Weapons
 d - a +1 blowgun
Missiles
 c - 162 stones (quivered)
 l - 22 poisoned needles
 q - 8 needles of sleeping
Armour
 h - a +0 robe of magic resistance
 j - a +0 scale mail
 o - the -1 helmet of the Hare (worn) {rElec rF++ rC-}
   (You found it on level 6 of the Dungeon)

   It greatly protects you from fire.
   It makes you vulnerable to cold.
   It insulates you from electricity.
 r - a +0 cloak (worn)
 w - a +2 helmet
 G - a +1 pair of gloves
 J - a +1 robe of magic resistance (worn)
Jewellery
 u - a +5 ring of intelligence (left claw)
 K - a ring of stealth (right claw)
Wands
 x - a wand of enslavement (11)
 y - a wand of iceblast (12)
 C - a wand of disintegration (16)
 F - a wand of flame (34)
Scrolls
 a - a scroll of immolation
 e - a scroll of fog
 i - a scroll of blinking
 k - 2 scrolls of fear
 n - 2 scrolls of remove curse
 p - 2 scrolls of amnesia
 s - a scroll of random uselessness {unknown}
 t - a scroll of teleportation
 A - a scroll of enchant weapon
 M - a scroll of enchant armour {unknown}
Potions
 f - 5 potions of agility
 g - 2 potions of haste
 m - a potion of magic
 v - 2 potions of flight
 z - 8 potions of curing
 B - a potion of cancellation
 D - 3 potions of might
 E - a potion of heal wounds
 H - a potion of brilliance
Comestibles
 b - 17 rations


   Skills:
 + Level 4.5 Fighting
 + Level 2.8 Throwing
 + Level 4.6 Armour
 + Level 4.2 Dodging
 + Level 3.8 Stealth
 + Level 9.4 Unarmed Combat


You had 5 spell levels left.
You knew the following spells:

 Your Spells              Type           Power        Failure   Level  Hunger
a - Summon Small Mammal   Summ           #...         36%         1    ##.....
b - Call Imp              Summ           #.......     50%         2    ###....

Your spell library contained the following spells:

 Spells                   Type           Power        Failure   Level  Hunger
 Call Canine Familiar     Summ           #.......     75%         3    ####...
 Summon Guardian Golem    Hex/Summ       #.......     75%         3    ####...
 Summon Ice Beast         Ice/Summ       #.......     98%         4    #####..
 Summon Lightning Spire   Summ/Air       #.......     98%         4    #####..


Dungeon Overview and Level Annotations

Branches:
Dungeon (7/15)
 Temple: D:4-7

Altars:
Ashenzari
Elyvilon
Gozag
Hepliaklqana
Nemelex Xobeh

Shops:
D:5 *


Innate Abilities, Weirdness & Mutations

Your body is rotting away.
You thrive on raw meat.
You are immune to poison.
You have sharp fingernails.
You are carnivorous and can eat meat at any time.
Your flesh is cold resistant. (rC+)
You are immune to negative energy. (rN+++)
You do not regenerate when monsters are visible.
You are immune to unholy pain and torment.
You can survive without breathing.


Message History

The killer bee is severely wounded.
The killer bee closely misses you.
You barely miss the killer bee.
The killer bee is severely wounded.
You float gracefully downwards.
The killer bee misses you. The killer bee stings you.
* * * LOW HITPOINT WARNING * * *
You closely miss the killer bee.
The killer bee is severely wounded.
The killer bee stings you but does no damage.
The killer bee closely misses you.
You closely miss the killer bee.
The killer bee is severely wounded.
The killer bee stings you.
* * * LOW HITPOINT WARNING * * *
You miss the killer bee.
The killer bee is severely wounded.
The killer bee stings you!
You die...
Your body glows slightly and disappears.

### # #<# ##.#
#.# #.... #.#
#..$..########.#
#.....y@.......#
#.....##########
#.... #... ###


You could see a killer bee.

Vanquished Creatures
  The ghost of Frank the Slasher, a novice OpFi (D:5)
  A black bear (D:6)
  A sky beast (D:6)
  An ogre (D:6)
  A centaur (D:6)
  A big kobold (Sewer)
  A water moccasin skeleton (D:5)
  7 killer bees
  A crimson imp (D:5)
  An orc priest (D:3)
  2 hounds
  An orc wizard (D:3)
  2 worker ants
  An iguana (D:5)
  A hound skeleton (D:5)
  4 gnolls (D:4)
  8 river rats (Sewer)
  11 adders
  2 oozes (D:1)
  3 worms (D:2)
  3 dart slugs
  4 leopard geckos
  8 orcs
  4 ball pythons
  10 giant cockroaches
  5 goblins
  11 hobgoblins
  9 jackals
  4 quokkas
  8 bats
  5 frilled lizards
  27 kobolds
  2 leopard gecko skeletons (D:6)
  A quokka zombie (D:6)
  24 rats
176 creatures vanquished.

Vanquished Creatures (collateral kills)
  Sigmund (D:6)
1 creature vanquished.

Vanquished Creatures (others)
  A killer bee (D:5)
1 creature vanquished.

Grand Total: 178 creatures vanquished

Notes
Turn   | Place    | Note
-------+----------+-------------------------------------------
     0 | D:1      | myga the Ghoul Monk began the quest for the Orb.
     0 | D:1      | Reached XP level 1. HP: 19/19 MP: 0/0
    58 | D:1      | Reached XP level 2. HP: 20/26 MP: 1/1
   380 | D:1      | Reached XP level 3. HP: 31/33 MP: 2/2
  1055 | D:2      | Reached skill level 4 in Unarmed Combat
  1435 | D:2      | Reached XP level 4. HP: 31/40 MP: 3/3
  2304 | D:3      | Reached XP level 5. HP: 39/46 MP: 4/4
  2310 | D:3      | Reached skill level 1 in Armour
  2511 | D:3      | Found a shattered altar of Ashenzari.
  2764 | D:3      | Reached skill level 5 in Unarmed Combat
  2916 | D:4      | Reached XP level 6. HP: 34/52 MP: 5/5
  4009 | D:5      | Entered Level 5 of the Dungeon
  4021 | D:5      | Found a hazy altar of Hepliaklqana.
  4227 | D:5      | Found a white marble altar of Elyvilon.
  4227 | D:5      | Found an opulent altar of Gozag.
  4228 | D:5      | Found a sparkling altar of Nemelex Xobeh.
  4243 | D:5      | Became a worshipper of Nemelex Xobeh the Trickster
  4243 | D:5      | Received a gift from Nemelex Xobeh
  4243 | D:5      | Reached * piety under Nemelex Xobeh
  4243 | D:5      | Received a gift from Nemelex Xobeh
  4243 | D:5      | Received a gift from Nemelex Xobeh
  4243 | D:5      | Reached ** piety under Nemelex Xobeh
  4361 | D:5      | Reached skill level 1 in Throwing
  4361 | D:5      | Reached skill level 6 in Unarmed Combat
  4361 | D:5      | Reached XP level 7. HP: 55/58 MP: 6/6
  4383 | D:5      | Noticed Frank's ghost (novice OpFi)
  4401 | D:5      | Found a transporter.
  4406 | D:5      | Found a transporter.
  4421 | D:5      | Found Xitath's General Store.
  4448 | D:5      | Found a hazy altar of Hepliaklqana.
  4775 | D:5      | Killed Frank's ghost
  4775 | D:5      | Reached skill level 7 in Unarmed Combat
  4775 | D:5      | Reached XP level 8. HP: 35/63 MP: 7/7
  4783 | D:5      | Reached skill level 8 in Unarmed Combat
  4931 | D:6      | Got a heavily runed helmet
  4935 | D:6      | Received a gift from Nemelex Xobeh
  4962 | D:6      | Identified the -1 helmet of the Hare {rElec rF++ rC-} (You
                  | found it on level 6 of the Dungeon)
  5027 | D:6      | Found a glowing drain.
  5062 | Sewer    | Entered a sewer
  6010 | D:6      | Received a gift from Nemelex Xobeh
  6066 | D:6      | Reached skill level 9 in Unarmed Combat
  6076 | D:6      | Noticed Sigmund
  6082 | D:6      | Killed Sigmund
  6082 | D:6      | Reached XP level 9. HP: 66/72 MP: 8/8
  6294 | D:6      | Learned a level 1 spell: Summon Small Mammal
  6297 | D:6      | Learned a level 2 spell: Call Imp
  6437 | D:6      | Reached *** piety under Nemelex Xobeh
  6664 | D:7      | Slain by a killer bee

Skill      XL: |  1  2  3  4  5  6  7  8 |
---------------+-------------------------+-----
Dodging        | 3 4 |  4.2
Unarmed Combat | 4 5 6 7 9 |  9.4
Stealth        | 3 |  3.8
Armour         | 2 3 4 |  4.6
Fighting       | 4 |  4.5
Throwing       | 1 2 |  2.8

Action                   |  1- 3 |  4- 6 |  7- 9 || total
-------------------------+-------+-------+-------++-------
Melee: Unarmed           |   115 |   224 |   241 ||   580
       Punch             |     1 |     5 |     9 ||    15
Throw: Stone             |    26 |    39 |    64 ||   129
 Abil: Draw Destruction  |       |       |     4 ||     4
       Draw Summoning    |       |       |     1 ||     1
  Use: Potion            |     1 |     3 |     2 ||     6
       Scroll            |       |    11 |     8 ||    19
 Stab: Sleeping          |     7 |       |     1 ||     8
  Eat: Chunk             |     3 |    10 |     8 ||    21
Armor: Robe              |     2 |     6 |     5 ||    13
       Leather armour    |    14 |    11 |     1 ||    26
       Scale mail        |       |    63 |    78 ||   141
Dodge: Dodged            |    47 |   121 |   125 ||   293
